 Dungeon Crawl Stone Soup version 0.26-a0-651-gb41185065b (webtiles) character file.

Game seed: 1972677637073061080

900 Irenicus the Geomancer (level 7, -4/55 HPs)
             Began as a Deep Dwarf Earth Elementalist on Oct 16, 2020.
             Was an Initiate of Makhleb.
             Killed from afar by Maggie (22 damage)
             ... with a bolt of fire
             ... on level 6 of the Dungeon.
             The game lasted 00:19:15 (2823 turns).

Irenicus the Geomancer (DDEE)                       Turns: 2823, Time: 00:19:15

Health: -4/55      AC:  9    Str: 11    XL:     7   Next: 79%
Magic:  1/9        EV: 15    Int: 18    God:    Makhleb [......]
Gold:   339        SH:  0    Dex: 19    Spells: 6/9 levels left

rFire    . . .     SeeInvis .   g - +3 short sword (flame)
rCold    . . .     Faith    .   (no shield)
rNeg     . . .     Spirit   .   f - +0 ring mail
rPois    .         Reflect  .   t - +0 helmet
rElec    .         Harm     .   p - +0 cloak
rCorr    .         Rampage  .   (no gloves)
MR       +....                  l - +1 pair of boots
Stlth    ++........             (no amulet)
HPRegen  0.00/turn              h - +4 ring of evasion
MPRegen  0.11/turn              z - +6 ring of dexterity

@: mesmerised, non-regenerating
A: damage resistance, heal wounds, talons 1, sense surroundings 1, MP-powered
wands, no regeneration
a: Heal Wounds, Renounce Religion


You were on level 6 of the Dungeon.
You worshipped Makhleb.
Makhleb was noncommittal.
You visited 2 branches of the dungeon, and saw 7 of its levels.

You collected 339 gold pieces.

Inventory:

Hand Weapons
 c - a +1 dagger
   (You took it off a kobold on level 1 of the Dungeon)
 g - a +3 short sword of flaming (weapon)
   (You took it off Terence on level 3 of the Dungeon)
 o - a +0 spear of pain
   (You found it on level 2 of the Dungeon)
 w - a +0 falchion of holy wrath
   (You found it on level 4 of the Dungeon)
Missiles
 b - 8 stones (quivered)
 u - a throwing net {=f, !d}
Armour
 e - a +0 leather armour
   (You found it on level 1 of the Dungeon)
 f - a +0 ring mail (worn)
   (You found it on level 1 of the Dungeon)
 l - a +1 pair of boots (worn)
   (You found it on level 2 of the Dungeon)
 p - a +0 cloak (worn)
   (You took it off Crazy Yiuf on level 2 of the Dungeon)
 t - a +0 helmet (worn)
   (You found it on level 3 of the Dungeon)
Jewellery
 h - a +4 ring of evasion (left hand)
   (You found it on level 1 of the Dungeon)
 i - an uncursed ring of ice {rC+, rF-}
   (You found it on level 1 of the Dungeon)
 z - a +6 ring of dexterity (right hand)
   (You found it on level 5 of the Dungeon)
Scrolls
 a - 4 scrolls of remove curse
 j - 2 scrolls of amnesia {unknown}
 k - 2 scrolls of identify
 m - 5 scrolls of teleportation {unknown}
Potions
 d - a potion of brilliance {unknown}
 q - a potion of cancellation
 r - a potion of curing
 v - a potion of invisibility {unknown}
 x - 3 potions of lignification {!q}


   Skills:
 - Level 2.1 Dodging
 - Level 2.4 Stealth
 - Level 1.7 Spellcasting
 - Level 0.8 Transmutations
 + Level 12.0 Earth Magic


You had 6 spell levels left.
You knew the following spells:

 Your Spells              Type           Power        Failure   Level
a - Sandblast             Erth           #####.       1%          1
w - Passwall              Tmut/Erth      ###.....     4%          2

Your spell library contained the following spells:

 Spells                   Type           Power        Failure   Level
 Lee's Rapid Deconstruct  Erth           #####.....   9%          5
 Stone Arrow              Conj/Erth      ###...       12%         3
 Petrify                  Tmut/Erth      ###.....     32%         4
 Magic Dart               Conj           #...         41%         1
 Blink                    Tloc           N/A          56%         2
 Call Imp                 Summ           #.......     56%         2
 Slow                     Hex            #.......     56%         2
 Conjure Flame            Conj/Fire      #.......     80%         3
 Mephitic Cloud           Conj/Pois/Air  #.......     80%         3


Dungeon Overview and Level Annotations

Branches:
Dungeon (6/15)             Temple (1/1) D:6

Altars:
Ashenzari
Cheibriados
Dithmenos
Elyvilon
Fedhas
Gozag
Kikubaaqudgha
Makhleb
Nemelex Xobeh
Okawaru
Qazlal
Ru
Sif Muna
Trog
Uskayaw
Vehumet
Wu Jian
Xom
Yredelemnul
Zin
The Shining One

Annotations:
D:4 Eustachio
D:6 Maggie


Innate Abilities, Weirdness & Mutations

You are resistant to damage.
You can heal yourself by infusing magical energy.
You passively map a small area around you.
You do not regenerate.
You have sharp toenails.
You expend magic power (3 MP) to strengthen your wands.


Message History

You see here 13 gold pieces.
MP restored: 9 You see here 13 gold pieces.
You now have 339 gold pieces (gained 13).
Autopickup is now on.
As you read the scroll labeled NYDIL CIPYONT, it crumbles to dust.
You hear a loud clanging noise!
It was a scroll of noise.
You see here 16 bolts.
Found a stone staircase leading down.
You open the door.
Found a radiant altar of Vehumet.
Found an ornate altar of the Wu Jian Council.
There is an open door here.
Casting: Passwall (safe; 4% risk of failure)
Confirm with . or Enter, or press ? or * to list all spells.
Press: ? - help, Dir - move target cursor A rock wall.
You begin to meditate on the wall.
You continue meditating on the rock. x3
You finish merging with the rock.
You now have 7/9 mp.
Found a stone staircase leading up.
Casting: Passwall (safe; 4% risk of failure)
Confirm with . or Enter, or press ? or * to list all spells.
Press: ? - help, Dir - move target cursor A rock wall.
You begin to meditate on the wall.
You continue meditating on the rock. x2
You finish merging with the rock.
Maggie shouts!
You now have 7/9 mp.
Casting: Passwall (safe; 4% risk of failure)
Confirm with . or Enter, or press ? or * to list all spells.
Aiming: Sandblast (safe; 1% risk of failure)
Press: ? - help, Shift-Dir - straight line, f - Maggie
Aim: Maggie, wielding a +0 glaive and wearing +0 swamp dragon scales The blast of sand hits Maggie but does no damage.
b - 14 stones Maggie casts a spell.
Maggie attempts to bespell you!
You are mesmerised by Maggie!
You now have 6/9 mp.
Casting: Sandblast (safe; 1% risk of failure)
Confirm with . or Enter, or press ? or * to list all spells.
Aiming: Sandblast (safe; 1% risk of failure)
Press: ? - help, Shift-Dir - straight line, f/p - Maggie
Aim: Maggie, wielding a +0 glaive and wearing +0 swamp dragon scales (mesmerising)
The blast of sand hits Maggie but does no damage.
b - 13 stones Maggie hits you with a +0 glaive.
You take 2 damage, and have 18/55 hp.
You now have 5/9 mp.
Casting: Sandblast (safe; 1% risk of failure)
Confirm with . or Enter, or press ? or * to list all spells.
Aiming: Sandblast (safe; 1% risk of failure)
Press: ? - help, Shift-Dir - straight line, f/p - Maggie
Aim: Maggie, wielding a +0 glaive and wearing +0 swamp dragon scales (mesmerising)
The blast of sand hits Maggie!
Maggie is moderately wounded.
b - 12 stones Maggie barely misses you.
You now have 4/9 mp.
Casting: Sandblast (safe; 1% risk of failure)
Confirm with . or Enter, or press ? or * to list all spells.
Aiming: Sandblast (safe; 1% risk of failure)
Press: ? - help, Shift-Dir - straight line, f/p - Maggie
Aim: Maggie, wielding a +0 glaive and wearing +0 swamp dragon scales (moderately wounded, mesmerising)
The blast of sand hits Maggie.
Maggie is moderately wounded.
b - 11 stones You now have 3/9 mp.
Casting: Sandblast (safe; 1% risk of failure)
Confirm with . or Enter, or press ? or * to list all spells.
Aiming: Sandblast (safe; 1% risk of failure)
Press: ? - help, Shift-Dir - straight line, f/p - Maggie
Aim: Maggie, wielding a +0 glaive and wearing +0 swamp dragon scales (moderately wounded, mesmerising)
The blast of sand hits Maggie!
Maggie is heavily wounded.
b - 10 stones Maggie closely misses you.
You now have 2/9 mp.
Casting: Sandblast (safe; 1% risk of failure)
Confirm with . or Enter, or press ? or * to list all spells.
Aiming: Sandblast (safe; 1% risk of failure)
Press: ? - help, Shift-Dir - straight line, f/p - Maggie
Aim: Maggie, wielding a +0 glaive and wearing +0 swamp dragon scales (heavily wounded, mesmerising)
The blast of sand hits Maggie!
Maggie is severely wounded.
b - 9 stones Maggie hits you but does no damage.
You now have 1/9 mp.
Casting: Sandblast (safe; 1% risk of failure)
Confirm with . or Enter, or press ? or * to list all spells.
Aiming: Sandblast (safe; 1% risk of failure)
Press: ? - help, Shift-Dir - straight line, f/p - Maggie
Aim: Maggie, wielding a +0 glaive and wearing +0 swamp dragon scales (severely wounded, mesmerising)
The blast of sand hits Maggie.
Maggie is severely wounded.
b - 8 stones Maggie casts a spell at you.
The bolt of fire hits you!!
You die...

#...# #.....###.......#..$#.
#####.........#########.#.#,
#..⌠.....⌠..###### ..
#.....8.....#....###
##._.###._.#####...# ####*
##### ..#...# * * #.#.#
#.#...# ,* #@#.# #.#...# ,
#@#.# #.#.###,*
#.#.###.#.### *,
#.#.........# *#.#...#.#.#.#
* ..###.....#..< *
,..........# #.#,
*,!.###....... .# ...#
#....####*# * * #....# *,


You could see Maggie (mesmerising).

Vanquished Creatures
  An ogre (D:5)
  2 centaurs
  A bullfrog (D:6)
  A scorpion (D:6)
  2 howler monkeys (D:5)
  4 orc wizards
  An orc priest (D:6)
  2 bullfrog skeletons
  Crazy Yiuf (D:2)
  Terence (D:3)
  A worker ant (D:4)
  A hound skeleton (D:4)
  3 gnolls (D:3)
  8 adders
  A howler monkey skeleton (D:5)
  An ufetubus (D:5)
  An ooze (D:3)
  An adder skeleton (D:5)
  3 worms (D:2)
  2 dart slugs
  3 leopard geckos
  9 orcs
  2 giant cockroaches
  7 goblins
  4 hobgoblins
  5 jackals (D:5)
  A quokka (D:4)
  2 bats
  6 frilled lizards
  6 kobolds
  A leopard gecko skeleton (D:5)
  A quokka skeleton (D:4)
  A rat (D:1)
86 creatures vanquished.

Notes
Turn   | Place    | Note
-------+----------+-------------------------------------------
     0 | D:1      | Irenicus the Deep Dwarf Earth Elementalist began the quest
                  | for the Orb.
     0 | D:1      | Reached XP level 1. HP: 15/15 MP: 3/3
    14 | D:1      | Noticed an electric eel
   617 | D:2      | Reached XP level 2. HP: 20/22 MP: 1/4
   618 | D:2      | Reached skill level 5 in Earth Magic
   846 | D:2      | Reached XP level 3. HP: 26/28 MP: 0/5
   956 | D:2      | Reached skill level 6 in Earth Magic
   980 | D:2      | Noticed a phantom
  1062 | D:2      | Learned a level 2 spell: Passwall
  1128 | D:2      | Found a runed translucent door.
  1129 | D:2      | Noticed Crazy Yiuf
  1152 | D:2      | Killed Crazy Yiuf
  1152 | D:2      | Reached XP level 4. HP: 25/36 MP: 0/6
  1277 | D:3      | Reached skill level 7 in Earth Magic
  1284 | D:3      | Found a white marble altar of Elyvilon.
  1442 | D:3      | Reached XP level 5. HP: 30/42 MP: 1/7
  1463 | D:3      | Noticed Terence
  1614 | D:3      | Gained mutation: You have sharp toenails. [potion of
                  | mutation]
  1614 | D:3      | Gained mutation: You expend magic power (3 MP) to
                  | strengthen your wands. [potion of mutation]
  1630 | D:3      | Killed Terence
  1630 | D:3      | Reached skill level 8 in Earth Magic
  1859 | D:4      | Noticed Eustachio
  1881 | D:4      | Noticed a centaur
  1886 | D:4      | HP: 7/42 [centaur/arrow (7)]
  1887 | D:4      | Killed a centaur
  1887 | D:4      | Reached skill level 9 in Earth Magic
  1887 | D:4      | Reached XP level 6. HP: 8/49 MP: 0/8
  2022 | D:4      | Found a basalt altar of Yredelemnul.
  2114 | D:5      | Entered Level 5 of the Dungeon
  2117 | D:5      | Reached skill level 10 in Earth Magic
  2161 | D:5      | Reached XP level 7. HP: 31/55 MP: 2/9
  2200 | D:5      | Reached skill level 11 in Earth Magic
  2318 | D:5      | Found an iron altar of Okawaru.
  2524 | D:6      | Found a staircase to the Ecumenical Temple.
  2535 | D:6      | Reached skill level 12 in Earth Magic
  2541 | Temple   | Entered the Ecumenical Temple
  2614 | Temple   | Became a worshipper of Makhleb the Destroyer
  2787 | D:6      | Found a radiant altar of Vehumet.
  2788 | D:6      | Found an ornate altar of the Wu Jian Council.
  2817 | D:6      | Noticed Maggie
  2823 | D:6      | Killed from afar by Maggie

Illustrated notes

Levels and vault maps discovered:
D:1:      arrival_aquarium_a, layout_basic, minivault_4
D:2:      layout_basic, minmay_split_cup_large, uniq_crazy_yiuf_cottage
D:3:      layout_loops_ring, marbit_many_paths, uniq_terence
D:4:      layout_rooms, nicolae_overflow_crystal_walls, uniq_eustachio
D:5:      layout_rooms, okawaru_ov_weapons_minmay
D:6:      layout_basic, gammafunk_temple_overflow_pools,
          minmay_temple_entry_statues_fountains, bh_walls_and_bars, uniq_maggie
Temple:   minmay_temple_bridge_d

Skill      XL: |  1  2  3  4  5  6  7 |
---------------+----------------------+-----
Earth Magic    | 5 6 7 9 10 12 | 12.0
Dodging        | |  2.1
Stealth        | |  2.4
Spellcasting   | |  1.7
Transmutations | |  0.8

Action                   |  1- 3 |  4- 6 |  7- 9 || total
-------------------------+-------+-------+-------++-------
Melee: Dagger            |     9 |     5 |       ||    14
       Unarmed           |       |     5 |       ||     5
       Short sword       |       |     1 |       ||     1
 Cast: Sandblast         |    42 |    59 |    37 ||   138
       Passwall          |       |     7 |     5 ||    12
  Use: Scroll            |     4 |     4 |     5 ||    13
       Potion            |       |     4 |       ||     4
 Stab: Sleeping          |     1 |       |       ||     1
Armor: Scale mail        |     1 |       |       ||     1
       Ring mail         |       |     7 |     7 ||    14
       Skin              |       |     8 |       ||     8
Dodge: Dodged            |    14 |    16 |     4 ||    34

Table legend: (Time is in decaauts)
 A = Elapsed time spent in this place.
 B = Non-inter-level travel time spent in this place.
 C = Inter-level travel time spent in this place.
 D = Time resting spent in this place.
 E = Time spent auto-exploring this place.
 F = Levels seen in this place.
 G = Mean time per level.
                   A        B        C        D        E       F      G
               +--------+--------+--------+--------+--------+-----+--------+
         Total |   2816 |   2655 |    161 |     38 |      0 |   7 |  402.3 |
       Dungeon |   2669 |   2628 |     41 |     38 |      0 |   6 |  444.8 |
        Temple |    146 |     26 |    120 |      0 |      0 |   1 |  146.0 |
               +--------+--------+--------+--------+--------+-----+--------+

Top non-repeatable levels by time:
     D:2: 632 daAuts
     D:3: 592 daAuts
     D:1: 586 daAuts
     D:4: 296 daAuts
     D:6: 294 daAuts
     D:5: 267 daAuts
  Temple: 146 daAuts

Table legend:
 A = Kills in this place as a percentage of kills in entire the game.
 B = Kills by you in this place as a percentage of kills by you in the entire game.
 C = Kills by friends in this place as a percentage of kills by friends in the entire game.
 D = Other kills in this place as a percentage of other kills in the entire game.
 E = Experience gained in this place as a percentage of experience gained in the entire game.
 F = Experience gained in this place divided by the number of levels of this place that you have seen.
                   A       B       C       D       E      F
               +-------+-------+-------+-------+-------+----------------------
         Total | 100.0 | 100.0 |   N/A |   N/A | 100.0 | 183.7
       Dungeon | 100.0 | 100.0 |   N/A |   N/A | 100.0 | 214.3
               +-------+-------+-------+-------+-------+----------------------
